 Dungeon Crawl Stone Soup version 0.20-b1 (webtiles) character file.

11853 Inarius the Blocker (level 11, -3/95 HPs)
             Began as a Minotaur Fighter on May 18, 2017.
             Was an Elder of Trog.
             Slain by an earth elemental (26 damage)
             ... on level 10 of the Dungeon on May 19, 2017.
             The game lasted 00:33:05 (12393 turns).

Inarius the Blocker (Minotaur Fighter)             Turns: 12393, Time: 00:33:05

Health: -3/95      AC: 18    Str: 22    XL:     11   Next: 54%
Magic:  10/10      EV:  8    Int:  5    God:    Trog [****..]
Gold:   140        SH: 13    Dex: 12    Spells: 10/10 levels left

rFire    x . .     SeeInvis .   d - +3 spear (pierce)
rCold    + . .     Gourm    .   c - +0 shield
rNeg     + . .     Faith    .   v - +0 plate armour
rPois    .         Spirit   .   (helmet restricted)
rElec    .         Reflect  .   (no cloak)
rCorr    .         Harm     .   x - +0 pair of gloves
MR       ++...                  (no boots)
Stlth    ..........             (no amulet)
Regen    1.3/turn               g - ring of ice
MPRegen  0.2/turn               D - ring of positive energy

@: regenerating
A: retaliatory headbutt, horns 2, icy blue scales 1
a: Berserk, Trog's Hand, Brothers in Arms, Burn Spellbooks, Renounce Religion


You were on level 10 of the Dungeon.
You worshipped Trog.
Trog was greatly pleased with you.
You were very hungry.

You visited 2 branches of the dungeon, and saw 11 of its levels.

You collected 140 gold pieces.

Inventory:

Hand Weapons
 d - a +3 spear of piercing (weapon)
Armour
 c - a +0 shield (worn)
 v - a +0 plate armour (worn)
 x - a +0 pair of gloves (worn)
Jewellery
 g - a ring of ice (left hand)
 r - an uncursed ring of flight
 D - a ring of positive energy (right hand)
Wands
 a - a wand of iceblast (3/15)
 p - a wand of flame (22/48)
 E - a wand of digging (6/24)
 F - a wand of iceblast (5/15)
Scrolls
 e - a scroll of immolation {unknown}
 h - 5 scrolls of remove curse
 n - 5 scrolls of teleportation
 o - 2 scrolls of blinking {unknown}
 q - 2 scrolls of recharging {unknown}
 s - a scroll of amnesia
 w - 3 scrolls of magic mapping
 y - 2 scrolls of random uselessness {unknown}
 I - a scroll of holy word {unknown}
 J - a scroll of fog {unknown}
Potions
 b - a potion of might
 i - 2 potions of haste {unknown}
 j - a potion of resistance
 l - 8 potions of curing
 m - a potion of invisibility
 u - 2 potions of ambrosia
 z - a potion of cancellation
 A - 4 potions of brilliance {unknown}
 B - 2 potions of lignification
 C - a potion of heal wounds
 G - a potion of flight {unknown}
Comestibles
 f - 7 bread rations
 k - 10 royal jellies
 t - 5 meat rations
 H - 6 chunks of flesh


   Skills:
 + Level 8.8 Fighting
   Level 5.4 Long Blades
 + Level 11.4 Polearms
 + Level 11.1 Armour
 + Level 3.4 Dodging
 + Level 12.1 Shields


You had 10 spell levels left.
You didn't know any spells.

Dungeon Overview and Level Annotations

Branches:
Dungeon (10/15)            Temple (1/1) D:5            Lair (0/6) D:9
    Orc (0/2) D:10

Altars:
Cheibriados
Dithmenos
Elyvilon
Fedhas
Gozag
Hepliaklqana
Kikubaaqudgha
Makhleb
Nemelex Xobeh
Okawaru
Qazlal
Ru
Sif Muna
Trog
Vehumet
Xom
Yredelemnul
Zin
The Shining One

Shops:
D:6 :(%   D:7 (   D:9 =

Annotations:
D:7 Maurice


Innate Abilities, Weirdness & Mutations

You reflexively headbutt those who attack you in melee.
You have a pair of horns on your head.
You are partially covered in icy blue scales. (AC +2)


Message History

You hit the earth elemental.
You headbutt the earth elemental, but do no damage.
The earth elemental is almost destroyed.
The earth elemental hits you!
* * * LOW HITPOINT WARNING * * *
Your skin crawls.
You feel resistant to hostile enchantments.
You are feeling very hungry.
You hit the earth elemental but do no damage.
You headbutt the earth elemental, but do no damage.
The earth elemental is almost destroyed.
You block the earth elemental's attack.
You barely miss the earth elemental.
The earth elemental is almost destroyed.
Your plate armour prevents you from hitting the earth elemental.
The earth elemental is almost destroyed.
You hit the earth elemental but do no damage.
The earth elemental is almost destroyed.
The earth elemental hits you!!
You die...

#########
#...@E..#
#.####''#
#.# ...≈≈
#.# ...≈≈#
#.# .....# #
######.#
≈≈...# ### #
###......#
/#...# #.. #
##.'......#
..E..#..#
#.. #
##..#......#
#..# ###..


You could see an earth elemental.

Vanquished Creatures
  The ghost of Fingolfin the Digger, a novice TrEE of Cheibriados (D:10)
  2 two-headed ogres (D:10)
  Pikel (D:5)
  A cyclops (D:10)
  A queen bee (D:8)
  2 trolls
  A hornet (D:9)
  3 hippogriffs
  A shadow (D:8)
  A water elemental (D:10)
  An air elemental (D:10)
  5 yaks
  2 wyverns
  A wraith (D:10)
  A water moccasin (D:10)
  3 ice beasts
  A slave (D:5)
  A black bear (D:8)
  2 orc warriors
  3 sky beasts
  11 ogres
  2 phantoms (D:8)
  3 centaurs
  A big kobold (D:7)
  Blork the orc (D:3)
  2 bullfrogs
  2 water moccasin zombies (D:9)
  2 scorpions
  21 killer bees
  5 wights (D:10)
  2 howler monkeys
  2 bullfrog zombies
  8 crimson imps
  A quasit (D:6)
  8 hounds
  A bullfrog skeleton (D:3)
  11 orc priests
  11 iguanas
  13 orc wizards
  5 worker ants
  A hound zombie (D:10)
  3 worker ant zombies
  8 gnolls
  A howler monkey skeleton (D:5)
  17 adders
  4 shadow imps
  An ooze (D:3)
  3 adder skeletons
  A worm (D:3)
  5 dart slugs
  5 leopard geckos
  38 orcs
  12 giant cockroaches
  6 goblins
  6 hobgoblins
  18 jackals
  8 quokkas
  A ball python (D:7)
  12 bats
  9 frilled lizards
  A jackal zombie (D:5)
  10 kobolds
  A quokka skeleton (D:6)
  A quokka zombie (D:8)
  8 rats
  A plant (D:9)
327 creatures vanquished.

Notes
Turn   | Place    | Note
-------+----------+-------------------------------------------
     0 | D:1      | Inarius the Minotaur Fighter began the quest for the Orb.
     0 | D:1      | Reached XP level 1. HP: 19/19 MP: 0/0
    74 | D:1      | Reached XP level 2. HP: 25/27 MP: 1/1
   156 | D:1      | Found a sparkling altar of Nemelex Xobeh.
   381 | D:1      | Reached skill level 4 in Shields
   428 | D:1      | Reached XP level 3. HP: 33/33 MP: 2/2
   859 | D:2      | Reached XP level 4. HP: 40/40 MP: 3/3
  1784 | D:3      | Reached skill level 1 in Dodging
  1824 | D:3      | Noticed a hippogriff
  1833 | D:3      | Killed a hippogriff
  1833 | D:3      | Reached skill level 5 in Armour
  1833 | D:3      | Reached skill level 5 in Shields
  1833 | D:3      | Reached XP level 5. HP: 27/47 MP: 4/4
  1833 | D:3      | Reached XP level 6. HP: 31/53 MP: 5/5
  2036 | D:3      | Found a burning altar of Makhleb.
  2387 | D:3      | Reached skill level 5 in Long Blades
  2476 | D:4      | Noticed Blork the orc
  2498 | D:3      | Killed Blork the orc
  2498 | D:3      | Reached skill level 1 in Polearms
  2498 | D:3      | Reached XP level 7. HP: 33/60 MP: 6/6
  2639 | D:3      | Reached skill level 5 in Fighting
  2910 | D:3      | Reached skill level 6 in Shields
  3481 | D:4      | Found a radiant altar of Vehumet.
  3943 | D:5      | Entered Level 5 of the Dungeon
  4107 | D:5      | Reached XP level 8. HP: 22/68 MP: 7/7
  4338 | D:5      | Found a staircase to the Ecumenical Temple.
  4344 | Temple   | Entered the Ecumenical Temple
  4426 | Temple   | Became a worshipper of Trog the Wrathful
  4800 | D:5      | Reached skill level 7 in Shields
  4972 | D:5      | Reached skill level 5 in Polearms
  5106 | D:5      | Noticed Pikel
  5128 | D:5      | Killed Pikel
  5471 | D:6      | Found an opulent altar of Gozag.
  5551 | D:6      | Reached * piety under Trog
  5560 | D:5      | Reached XP level 9. HP: 70/75 MP: 8/8
  5784 | D:6      | Found Haguaqif's Food Shoppe.
  5813 | D:6      | Found an iron altar of Okawaru.
  5876 | D:6      | Found Astrerphui's Weapon Boutique.
  5887 | D:6      | Reached skill level 8 in Shields
  6114 | D:6      | Found Oggaut's Book Shoppe.
  6153 | D:6      | Found a glowing golden altar of the Shining One.
  6223 | D:6      | Found an ancient bone altar of Kikubaaqudgha.
  6655 | D:7      | Reached ** piety under Trog
  6818 | D:7      | Found a snail-covered altar of Cheibriados.
  7024 | D:7      | Found Laulot's Weapon Shop.
  7095 | D:8      | Noticed Maurice
  7417 | D:7      | Reached skill level 9 in Shields
  7706 | D:8      | Reached XP level 10. HP: 39/84 MP: 9/9
  7936 | D:8      | Found a sparkling altar of Nemelex Xobeh.
  7976 | D:8      | Reached skill level 10 in Shields
  8018 | D:8      | Found a stormy altar of Qazlal.
  8850 | D:9      | Found a glowing silver altar of Zin.
  8874 | D:9      | Found Rian's Jewellery Shoppe.
  8890 | D:9      | Reached skill level 10 in Polearms
  9198 | D:9      | Found a sacrificial altar of Ru.
  9395 | D:8      | Reached *** piety under Trog
  9697 | D:8      | Reached skill level 11 in Shields
 10436 | D:9      | Gained mutation: You are partially covered in icy blue scales. (AC +2) [mutagenic meat]
 10560 | D:9      | Found a staircase to the Lair.
 10757 | D:9      | Reached skill level 10 in Armour
 10863 | D:9      | Reached **** piety under Trog
 10912 | D:10     | Entered Level 10 of the Dungeon
 10926 | D:10     | Reached XP level 11. HP: 94/94 MP: 10/10
 11003 | D:10     | Noticed Fingolfin's ghost (novice TrEE)
 11037 | D:10     | Killed Fingolfin's ghost
 11391 | D:10     | Found a staircase to the Orcish Mines.
 11804 | D:10     | Noticed a two-headed ogre
 11819 | D:10     | Killed a two-headed ogre
 11819 | D:10     | Reached skill level 12 in Shields
 11890 | D:10     | Noticed a two-headed ogre
 11911 | D:10     | Killed a two-headed ogre
 12309 | D:10     | Found a large runed door.
 12309 | D:10     | Found a large runed door.
 12393 | D:10     | Slain by an earth elemental

Skill      XL: |  1  2  3  4  5  6  7  8  9 10 11 |
---------------+----------------------------------+-----
Armour         | 4 5 7 8 10 11 | 11.1
Fighting       | 4 5 6 8 |  8.8
Shields        | 4 5 6 7 9 11 12 | 12.1
Long Blades    | 3 4 5 |  5.4
Dodging        | 1 2 3 |  3.4
Polearms       | 1 4 7 9 10 11 | 11.4

Action                   |  1- 3 |  4- 6 |  7- 9 | 10-12 || total
-------------------------+-------+-------+-------+-------++-------
Melee: Long sword        |    79 |    93 |       |       ||   172
       Headbutt          |    11 |    21 |    84 |   133 ||   249
       Spear             |       |    54 |   494 |   658 ||  1206
Invok: Trog's Hand       |       |       |       |     4 ||     4
  Use: Scroll            |       |     5 |     4 |     3 ||    12
       Potion            |       |     1 |     1 |       ||     2
 Stab: Paralysed         |       |       |       |     1 ||     1
  Eat: Chunk             |       |     5 |    15 |     8 ||    28
       Royal jelly       |       |       |     1 |       ||     1
       Bread ration      |       |       |       |     2 ||     2
Armor: Scale mail        |    24 |       |       |       ||    24
       Chain mail        |    12 |     5 |       |       ||    17
       Ring mail         |       |    60 |    22 |       ||    82
       Plate armour      |       |       |   189 |   173 ||   362
Dodge: Dodged            |    23 |    49 |    81 |   111 ||   264
Block: Shield            |    48 |    85 |   222 |   245 ||   600
       Rpst.: Long sword |     3 |    12 |       |       ||    15
